[Event "DFMM-LV 2023"]
[Site "Braunfels"]
[Date "2023.06.11"]
[Round "5.14"]
[White "Hartung, Katja"]
[Black "Leib, Britta"]
[Result "0-1"]
[Annotator "TA"]
[ECO "B13"]
[WhiteElo "1944"]
[BlackElo "1960"]
[PlyCount "130"]
[EventDate "2023.06.09"]
[EventType "team-tourn"]
[EventCountry "GER"]
[SourceTitle "playchess.com"]
[Source "ChessBase"]
[SourceQuality "1"]
[TimeControl "40/5400+30:1800+30"]

1. e4 c6 2. d4 d5 3. exd5 cxd5 4. Bd3 Nc6 5. c3 Nf6 6. Nf3 Bg4 7. Nbd2 {[%emt 0:02:39] 7.h3 is the modern continuation.} e6 8. Qa4 Bxf3 {[%emt 0:07:07] B13: Caro-Kann: Exchange Variation and Panov-Botvinnik Attack.} 9. Nxf3 Bd6 10. Bg5 Qc7 {[%emt 0:02:44] [#] The position is equal.} 11. Rc1 $146 ({Predecessor:} 11. O-O Ng4 12. h3 h6 13. Bd2 Nf6 14. Rfe1 O-O 15. Re2 a6 16. Rae1 b5 17. Qd1 {½-½ Tologontegin,S (2335)-Khamrakulov,D (2490) Tashkent zt 3.4 2011 (1)}) 11... Nd7 (11... Ne4 $5 12. Be3 f5 $11) 12. Qd1 h6 13. Be3 O-O 14. O-O Rfe8 15. Bb1 Rad8 16. h3 Nf8 17. Re1 a6 18. a4 Na5 19. Ne5 Rc8 20. Qg4 (20. Rc2 {simplifies} Bxe5 21. dxe5 Nc4 22. Rce2) 20... f5 21. Qh5 (21. Qg3 $5 ) 21... Bxe5 22. dxe5 Nc4 23. b3 (23. g4 $11 {keeps the balance.}) 23... Nxe3 $17 24. Rxe3 Qf7 (24... d4 $17 25. Rd3 Qxe5) 25. Qh4 $15 Ng6 26. Qd4 Red8 27. Rf3 Qc7 28. Re1 Qc5 29. Qd2 Rf8 (29... Qb6 $5 ) 30. Qe2 (30. Rg3 {looks sharper.} Kh7 31. Kh2 Rc6 32. f4) 30... Qe7 31. Qd3 Rf7 32. g4 ({White has to play} 32. Rg3 $1 $15 Nh4 33. Bc2) 32... Nh4 33. Rg3 g5 {[%emt 0:01:45] ...f4 would be deadly.} 34. gxf5 Rxf5 35. Qe2 (35. c4 $142 dxc4 36. bxc4) 35... Rf4 $17 {[%emt 0:00:42] Black is more active.} 36. Kh1 (36. c4 $17) 36... Qf7 $19 37. Reg1 (37. Rf1 {was the only defense.}) 37... Nf3 38. Rc1 Rf8 39. Rf1 (39. c4 $142) 39... Qg7 40. Qc2 (40. c4 $17) 40... Qf7 (40... Qxe5 $2 41. Qh7#) 41. Qe2 Nh4 42. Rfg1 $2 (42. Kg1) 42... Nf3 $2 (42... Rxf2 $19 43. Qd3 Rf3) 43. Rd1 $2 (43. Rf1 $1 $11 {and White stays safe.}) 43... Qc7 $36 {[%emt 0:00:00][%mdl 2048] White is under strong pressure.} 44. Qc2 $2 (44. Rc1) 44... Nxe5 {[%emt 0:00:00][%mdl 64] [#] Discovered Attack} (44... Qxe5 $2 45. Qh7#) 45. Rdg1 (45. Re1 {keeps fighting.} Rxf2 46. Qh7+ Qxh7 47. Bxh7+ Kxh7 48. Rxe5) 45... R8f6 ({Not} 45... Rxf2 46. Rxg5+ hxg5 47. Rxg5+ Kh8 48. Rh5+ Kg8 49. Rg5+ Kh8 50. Rh5+ Kg8 51. Rg5+ $11) 46. Qe2 (46. Rf1 $142) 46... Rxf2 47. Qe3 Nf7 (47... R6f3 $142 48. Rxf3 Rxf3) 48. Bg6 Kf8 49. Bxf7 Kxf7 50. Qd3 {[%emt 0:00:00] Threatens to win with Qh7+.} Ke8 51. h4 $2 (51. b4) 51... Qf4 52. h5 $2 (52. Qd4) 52... Rf1 (52... g4 $142 {( -> ...Rf5)} 53. Qd4 Rf5 54. Qh8+ Ke7 55. Qh7+ Kd6 56. Qxf5 Qxf5 57. R1g2 Rf1+ 58. Rg1 Qe4+ 59. Kh2 Rf2+ 60. R1g2 Rf5 61. Rh3 gxh3 62. Kxh3 Rxh5+ 63. Kg3 Qe3+ 64. Kg4 Rh3 65. c4 h5#) 53. Kh2 {[%emt 0:01:18] [#]} (53. Qxf1 $19 Qxf1 54. Rxf1 Rxf1+ 55. Kg2) 53... Qh4+ 54. Rh3 Qe1 (54... Qf2+ $142 55. Rg2 Qe1 56. Qxf1 Rxf1 57. Ra2 Rh1+ 58. Kg2 Qf1+ 59. Kg3 Rxh3+ 60. Kg4 Qf5#) 55. Re3 Qh4+ 56. Rh3 Qf4+ 57. Rhg3 $1 Rxg1 58. Kxg1 {[%emt 0:00:14] KQR-KQR} Qh4 (58... Qf2+ $142 59. Kh1 Rf4 60. Qg6+ Kd7 61. Qd3 Rh4+ 62. Rh3 Rg4 63. Rg3 Rxg3 64. Qxg3 Qxg3 65. a5 Qf2 66. c4 g4 67. c5 g3 68. c6+ bxc6 69. b4 Qh2#) 59. Rg2 (59. Rf3 $142 Qg4+ 60. Rg3) 59... Qxh5 (59... Qe1+ $142 60. Kh2 Rf4) 60. Qh7 (60. Rg3 $19) 60... Qf7 (60... Qd1+ $142 61. Kh2 Rf1 62. Qg6+ Kd7 63. Qh7+ Kc6 64. Qf7 Rxf7 65. Rg3 Rf1 66. Rg1 Rxg1 67. c4 Qg4 68. cxd5+ exd5 69. a5 Qg3#) 61. Qh8+ Qf8 62. Qh7 Rf1+ {[%emt 0:00:56] Black mates.} 63. Kh2 Qf4+ 64. Rg3 Qh4+ 65. Rh3 Qf2# {[%emt 0:00:07] Weighted Error Value: White=0.92/Black=0.65} 0-1

[Event "DFMM-LV 2023"]
[Site "Braunfels"]
[Date "2023.06.11"]
[Round "5.15"]
[White "Rosmait, Emily"]
[Black "Pflug, Tanja"]
[Result "1-0"]
[Annotator "TA"]
[ECO "C03"]
[WhiteElo "1862"]
[BlackElo "1994"]
[PlyCount "77"]
[EventDate "2023.06.09"]
[EventType "team-tourn"]
[EventCountry "GER"]
[SourceTitle "playchess.com"]
[Source "ChessBase"]
[SourceQuality "1"]
[TimeControl "40/5400+30:1800+30"]

1. e4 e6 2. d4 d5 3. Nd2 Be7 4. Bd3 c5 5. dxc5 Bxc5 6. Ngf3 {[%emt 0:00:53] C03: French Tarrasch: Unusual Black 3rd moves.} Nf6 7. e5 Nfd7 8. O-O {[%emt 0:02:15] White is slightly better.} Nc6 9. Qe2 Nb4 10. Nb3 (10. Bb5 {looks sharper.} a6 11. Nb3 Be7 12. c3) 10... Nxd3 {[%emt 0:02:56] [#]} 11. Qxd3 $146 ({Predecessor:} 11. cxd3 Be7 12. Bd2 O-O 13. Rac1 Nb6 14. Nfd4 Qe8 15. Rfe1 Na4 16. Rc2 Bd7 17. Qg4 {1-0 Berczes,C (2316)-Richards,H (2275) Budapest FS09 IM-B 2002 (4)}) 11... Be7 12. c3 O-O 13. Re1 a5 14. a4 Nb6 15. Nbd4 Bd7 16. b3 Bc6 17. Ba3 Nd7 18. Bxe7 Qxe7 19. Qe3 Nc5 20. h4 Bd7 21. g3 Rac8 22. Rac1 Na6 23. Kg2 Nc7 24. Qd3 {[%emt 0:02:08] Black is weak on the dark squares} f5 25. exf6 Qxf6 (25... gxf6 $11 26. Nf5 Qd8) 26. Rc2 {[%emt 0:01:35] White is more active.} Rce8 27. Ne5 Bc8 (27... Qd8 $16 28. Ndf3 h6) 28. Ndf3 $40 {[%emt 0:04:03][%mdl 128] White has strong attack.} Re7 (28... Rd8 $16 {was necessary.} 29. Nd4 (29. Ng5 Qf5 $16) 29... Bd7) 29. Ng5 (29. Qd4 $18) 29... g6 (29... Qf5 $16 {might work better.}) 30. Ngf3 Qf5 31. Qd2 Na6 32. Nd4 {[%emt 0:00:45] Excellent horsemanship.} Qf6 33. b4 {[%emt 0:04:26] Against Nc5} Kh8 34. Nb3 ({Don't take} 34. bxa5 $6 Nc5 35. Qe3 Ne4) 34... axb4 35. cxb4 {[%emt 0:00:23][%cal Bc3b4,Bb4b5][%mdl 32] Hoping for Qd4.} Nc7 $2 {[%emt 0:00:00] [#]} (35... Rc7 36. Rb2 Re7) 36. Nd4 $18 {[%emt 0:01:21] White is clearly winning.} Qg7 37. Qc1 h6 38. b5 Qf6 39. Qxh6+ {[%emt 0:02:19] Weighted Error Value: White=0.11 (very precise) /Black=0.34} ({Inferior is} 39. Rxc7 Qxf2+ 40. Kh3 Rxc7 41. Qxc7 Qxe1 $11) 1-0

[Event "DFMM-LV 2023"]
[Site "Braunfels"]
[Date "2023.06.11"]
[Round "5.16"]
[White "Eue, Vicky"]
[Black "Freter, Anke"]
[Result "0-1"]
[Annotator "NA RC COMBH"]
[ECO "B20"]
[WhiteElo "1682"]
[BlackElo "1855"]
[PlyCount "162"]
[EventDate "2023.06.09"]
[EventType "team-tourn"]
[EventCountry "GER"]
[SourceTitle "playchess.com"]
[Source "ChessBase"]
[SourceQuality "1"]
[TimeControl "40/5400+30:1800+30"]

1. e4 c5 2. b3 Nc6 3. Bb2 d6 4. Nc3 Nf6 5. Bc4 a6 6. a4 Bd7 7. Nge2 e6 8. d4 cxd4 9. Nxd4 Qb6 10. Nf3 Ng4 11. Qe2 Nge5 12. Nxe5 Nxe5 13. O-O Nxc4 14. Qxc4 Bc6 15. a5 Qc5 16. Qxc5 dxc5 17. Rfe1 Rd8 18. Rad1 Be7 19. Rxd8+ Bxd8 20. Ra1 O-O 21. f3 Be7 22. Ba3 Bf6 23. Bb2 Rd8 24. Rd1 Kf8 25. e5 Be7 26. Rxd8+ Bxd8 27. Ba3 Bxa5 28. Bxc5+ Ke8 29. Ne2 Bc7 30. Bd4 b6 31. Kf2 Ke7 32. g3 f6 33. f4 Be4 34. c3 Bc2 35. b4 a5 36. bxa5 bxa5 37. exf6+ gxf6 38. Bc5+ Bd6 39. Bxd6+ Kxd6 40. Nd4 Bd3 41. Ke3 Bc4 42. Nc2 Kd5 43. g4 Bb3 44. Na3 Bd1 45. h3 h6 46. Kd3 Bf3 47. Ke3 Bg2 48. h4 Bh3 49. g5 hxg5 50. hxg5 fxg5 51. fxg5 Bf5 52. Kf4 Bg6 53. Ke3 $15 a4 54. Kf4 e5+ 55. Ke3 Ke6 56. Nc4 Kf5 57. Kd2 Kf4 58. Kc1 e4 59. Nb6 a3 60. Nc4 a2 61. Kb2 Kxg5 62. Ne3 Bf7 63. Ng2 Kg4 64. c4 Kf3 65. Nh4+ Kg4 66. Ng2 Kf3 67. Nh4+ Kf2 68. Nf5 Be6 69. Nd6 e3 70. Ne4+ Kg1 71. Nc3 Bxc4 72. Ka1 Kf1 73. Kb2 Ke1 74. Ne4 Be6 75. Nc3 Kd2 76. Ne4+ Kd3 77. Nc5+ Kc4 78. Nb3 e2 79. Nd2+ Kd3 80. Nf3 Bd5 81. Ne1+ Kd2 0-1

[Event "DFMM-LV 2023"]
[Site "Braunfels"]
[Date "2023.06.11"]
[Round "5.17"]
[White "Rieseler, Caroline"]
[Black "Birkholz, Olga"]
[Result "1/2-1/2"]
[Annotator "TA"]
[ECO "B90"]
[WhiteElo "2126"]
[BlackElo "2005"]
[PlyCount "82"]
[EventDate "2023.06.09"]
[EventType "team-tourn"]
[EventCountry "GER"]
[SourceTitle "playchess.com"]
[Source "ChessBase"]
[SourceQuality "1"]
[TimeControl "40/5400+30:1800+30"]

1. e4 c5 2. Nf3 d6 3. d4 cxd4 4. Nxd4 Nf6 5. Nc3 a6 6. Be3 e5 7. Nf3 b5 8. Nd5 {[%emt 0:01:42] B90: Sicilian Najdorf: Unusual White 6th moves, 6 Be3 Ng4 and 6 Be3 e5.} Nbd7 9. c4 bxc4 10. Bxc4 {[%emt 0:07:06] [#] White has an edge.} Be7 $146 ({Predecessor:} 10... Bb7 11. Ng5 Bxd5 12. Bxd5 {1-0 Bares,J (2103)-Palla,S (1683) Valasska Bystrice op 13th 2022 (3)}) 11. O-O O-O 12. Qd3 Nxd5 13. Bxd5 Rb8 14. Ba7 Rxb2 15. Qc3 Rb5 {[%emt 0:02:29] next ...Nf6 is good for Black.} 16. a4 {[%emt 0:03:33] [#]} Rxd5 {[%emt 0:00:32][%mdl 64] Deflection} 17. exd5 f5 (17... Bb7 $11) 18. Rab1 $16 Qe8 19. a5 {[%emt 0:06:00] White has more active pieces.} Qh5 20. Rb3 (20. Qc4 $16) 20... Nf6 $1 $11 21. Qd2 (21. Qc4 $5 ) 21... f4 22. Ne1 Ne4 23. Qc2 (23. Qb4 $11 Nf6 24. Qc4) 23... Bf5 $1 $36 {[%emt 0:03:07][%mdl 2048] ...Nc5 is the strong threat. Black is pushing.} 24. Qc7 (24. Rb2 $15) 24... Bd8 (24... Nd2 $142 $1 {Hoping for ...Qe2.} 25. Rb2 Bd8 26. Qxd6 Nc4) 25. Qc1 $17 Bxa5 26. Nf3 {[%emt 0:00:41] Inhibits Nd2.} Bg4 (26... Qf7 $17 27. Qa3 Qxd5) 27. Qa3 $1 $11 Bd8 {[%emt 0:00:35] ...Bxf3 would be deadly.} 28. Qxa6 Qg6 {[%emt 0:00:19] White must now prevent ...Bh3.} 29. Nxe5 dxe5 $17 30. Qxg6 hxg6 31. Re1 Bf5 32. f3 Nd2 33. Rb7 {[%emt 0:00:47] [#]} Nc4 $2 (33... Bf6 $1 $19 {Strongly threatening ...g5.} 34. Bc5 Rc8) 34. Bc5 $11 Re8 35. Ra1 $2 {[%emt 0:00:19] [#]} (35. Rc1 $11 Ne3 36. g4) 35... Bc8 $2 (35... Bf6 $1 $19 {Threatens to win with ...e4.} 36. Rba7 e4) 36. Rb4 {[%emt 0:00:28] The position is equal.} Ne3 37. Ra8 Nxd5 38. Rbb8 (38. Rxc8 $2 {loses.} Nxb4 39. Rxd8 Rxd8 $19) 38... Nc7 $1 (38... Be7 $2 39. Bf2 $18 (39. Rxc8 Bxc5+ 40. Rxc5 Rxa8 $15)) 39. Rxc8 Nxa8 40. Rxa8 Kf7 41. Kf1 Be7 {[%emt 1:06:19] An exciting game.   Weighted Error Value: White=0.27 (precise) /Black=0.23 (precise)} 1/2-1/2

[Event "DFMM-LV 2023"]
[Site "Braunfels"]
[Date "2023.06.11"]
[Round "5.18"]
[White "Stangl, Anita"]
[Black "Geske, Bruna"]
[Result "1/2-1/2"]
[Annotator "TA"]
[ECO "B33"]
[WhiteElo "2009"]
[BlackElo "2054"]
[PlyCount "29"]
[EventDate "2023.06.09"]
[EventType "team-tourn"]
[EventCountry "GER"]
[SourceTitle "playchess.com"]
[Source "ChessBase"]
[SourceQuality "1"]
[TimeControl "40/5400+30:1800+30"]

1. e4 c5 2. Nf3 Nc6 3. d4 cxd4 4. Nxd4 Nf6 5. Nc3 e5 6. Nf5 d5 7. exd5 Bxf5 8. dxc6 bxc6 9. Qf3 Qd7 10. Bc4 Bxc2 {[%emt 0:06:47] B33: Sicilian: Pelikan and Sveshnikov Variations.} 11. O-O {[%emt 0:02:49] [#]} e4 $146 (11... Be7 $5 ) ({Predecessor:} 11... Be7 12. Qe2 Bg6 13. Qxe5 O-O 14. Rd1 Qb7 15. Qg3 Rfd8 16. Rxd8+ Rxd8 17. Bb3 c5 18. h3 Bd6 19. Bf4 Nh5 20. Qh4 Be7 21. Bg5 Rd4 22. g4 Nf4 23. Nd5 Bxg5 24. Qxg5 Nxh3+ {0-1 Zelcic,R (2547)-Saric,I (2607) Stari Mikanovci Jaric Memorial rapid 2010 (7)}) 12. Qg3 {[%emt 0:06:34][%mdl 1024] Threatening Re1. White has compensation.} (12. Qe2 $5 Bd3 $8 13. Bxd3 Qxd3 14. Re1 Qxe2 15. Rxe2 $11) 12... Qg4 13. Qc7 {[%emt 0:01:33][%csl Gc7][%cal Rc4f7] [#]} Qd7 14. Qg3 {[%emt 0:00:08] And now Re1 would win.} Qg4 15. Qc7 {[%emt 0:00:09] White got outplayed after the opening.   Weighted Error Value: White=0.11 (very precise) /Black=0.11 (very precise)} 1/2-1/2

[Event "DFMM-LV 2023"]
[Site "Braunfels"]
[Date "2023.06.11"]
[Round "5.19"]
[White "Barpiyeva, Gulsana"]
[Black "Braun, Kristin"]
[Result "1/2-1/2"]
[Annotator "TA"]
[ECO "A36"]
[WhiteElo "2023"]
[BlackElo "1875"]
[PlyCount "76"]
[EventDate "2023.06.09"]
[EventType "team-tourn"]
[EventCountry "GER"]
[SourceTitle "playchess.com"]
[Source "ChessBase"]
[SourceQuality "1"]
[TimeControl "40/5400+30:1800+30"]

1. c4 Nf6 2. Nc3 g6 3. g3 Bg7 4. Bg2 d6 5. d3 O-O 6. e4 c5 7. Nge2 Nc6 8. O-O Bd7 9. h3 Ne8 10. f4 {[%emt 0:02:01] A36: Symmetrical English vs ...g6: 4 Bg2 Bg7.} Qc8 11. Kh2 Nc7 12. Be3 {[%emt 0:06:30] The position is equal.} Ne6 {[%emt 0:07:03] [#]} 13. f5 $146 ({Predecessor:} 13. Qd2 Ned4 14. Nd5 Qd8 15. f5 Nxe2 16. Qxe2 e6 17. fxe6 Bxe6 18. Qd2 Qa5 19. Rf2 Qxd2 20. Rxd2 Bxd5 21. exd5 {½-½ Pottinger,C (1869)-Czarny,K (1655) Winnipeg Yanofsky Memorial 2012 (5)}) 13... Ned4 14. g4 Be5+ 15. Kh1 Nxe2 16. Qxe2 Nd4 17. Qf2 f6 $1 18. Nd5 Rf7 19. fxg6 (19. b4 $11) 19... hxg6 $17 {[%emt 0:00:11][%cal Od7g4] aiming for ...Bxg4!} 20. g5 (20. Bf4 $17 {is more resistant.}) 20... Bxh3 $19 {[%emt 0:11:45] ...Rh7 would be deadly.} 21. gxf6 (21. Qh4 $142 Qg4 22. Qxg4 (22. Qxh3 $2 Rh7 $19 {[%mdl 64] Pin}) 22... Bxg4 23. Rf2) 21... Qg4 (21... exf6 $2 {perishes.} 22. Bf4 Be6 23. Bxe5 dxe5 24. Nc3 $19) 22. Nxe7+ {[%emt 0:01:28] [#]} Rxe7 $2 23. fxe7 {[%emt 0:02:40] White wants to mate with Qf8+.} Bxg2+ 24. Qxg2 Qh5+ 25. Kg1 {[%emt 0:01:26] Rf2 is the strong threat.} Ne2+ {[%emt 0:00:10][%mdl 64] Discovered Attack} 26. Kf2 Bg3+ (26... Bxb2 $2 27. Rh1 Kf7 28. Rxh5 $18) 27. Qxg3 Nxg3 28. Kxg3 {[%emt 0:00:02] [#]} Qe5+ 29. Bf4 Qxe7 {[%emt 0:00:13] Threatens to win with ...g5.} ({Inferior is} 29... Qxb2 30. Bxd6 Kg7 31. Rf8 $11 (31. Bxc5 $2 {is the wrong capture.} Qe5+ 32. Kg2 Qg5+ 33. Kf3 Qxc5 $19)) 30. Rf2 Kg7 ({Black should try} 30... Rf8 $19 {White must now prevent ...g5.} 31. Raf1 a6) 31. Rh1 {[%emt 0:01:30] [#]} (31. Raf1 $17) 31... Rh8 $1 32. Rxh8 Kxh8 {[%emt 0:00:00][%mdl 4096] Endgame KQ-KRB} 33. Kg4 Kg7 34. b3 Qd7+ 35. Kg3 Qd8 36. Kg4 Qd7+ 37. Kg3 $1 Qd8 38. Kg4 a6 {[%emt 0:05:29] An interesting game.   Weighted Error Value: White=0.56/Black=0.35} 1/2-1/2

[Event "DFMM-LV 2023"]
[Site "Braunfels"]
[Date "2023.06.11"]
[Round "5.20"]
[White "Dirmeier, Carolin"]
[Black "Lukas, Anne"]
[Result "1-0"]
[Annotator "TA"]
[ECO "B01"]
[WhiteElo "1941"]
[BlackElo "2057"]
[PlyCount "79"]
[EventDate "2023.06.09"]
[EventType "team-tourn"]
[EventCountry "GER"]
[SourceTitle "playchess.com"]
[Source "ChessBase"]
[SourceQuality "1"]
[TimeControl "40/5400+30:1800+30"]

1. e4 d5 2. exd5 Nf6 3. Bb5+ Bd7 4. Bc4 Bg4 5. f3 Bc8 6. Nc3 Nbd7 7. d4 Nb6 8. Bb3 a5 {[%emt 0:00:06][%cal Oa5a4] [#] Strongly threatening ...a4! B01: Scandinavian Defence.} 9. a3 $1 a4 10. Ba2 Nbxd5 {[%emt 0:00:03] White is slightly better.} 11. Nge2 e6 12. O-O Be7 13. Ne4 {[%emt 0:05:08] [#]} O-O $146 ({Predecessor:} 13... b5 14. Nf4 Bb7 15. Qd3 O-O 16. Bd2 Nxf4 17. Bxf4 Bd5 18. Bxd5 Nxd5 19. Bg3 Qd7 {0-1 Girya,O (2342)-Muzychuk,A (2460) Moscow op-C 04th (Women) 2008 (8)}) 14. c4 $36 {[%emt 0:01:42][%mdl 2048] White is more active.} Nb6 15. N2c3 Bd7 16. Be3 Nc8 {[%emt 0:02:17] White leaves nothing to chance now.} 17. Qe2 Nd6 18. Rad1 {[%emt 0:09:26] White is much more active.} Nf5 19. Bf2 Qb8 20. g4 Nd6 (20... Nxe4 $142 21. fxe4 Nh4) 21. Nc5 $16 b6 (21... Bc8 $16 22. N5xa4 (22. N3xa4 b6 $17) 22... b6) 22. Nxd7 Nxd7 23. c5 Nc8 {[%emt 0:00:55] [#]} 24. Bxe6 $1 fxe6 25. Qxe6+ Kh8 $2 (25... Rf7 {might work better.}) 26. Qxd7 $18 bxc5 27. Nd5 ({Not} 27. Nxa4 c4 28. Rde1 Qb3 $18) ({Don't do} 27. dxc5 Ra5 28. Bd4 Rd8 $18) 27... Rd8 28. Qe6 Bf8 29. dxc5 Qb3 (29... Na7 $142 30. Qf5 Qc8) 30. Qe3 Qb7 31. Nb4 Ne7 32. Qc3 c6 33. Qc2 Nd5 34. Nxd5 cxd5 35. c6 Qf7 (35... Qc7 $142 36. Rd4 Rd6) 36. Bg3 Qa7+ 37. Kg2 {[%emt 0:00:09] White is clearly winning.} Rac8 38. c7 Rd7 39. Rc1 {[%emt 0:00:39] Qf5 is the strong threat.} d4 40. Qf5 {[%emt 0:00:43] Weighted Error Value: White=0.34/Black=0.46} 1-0

[Event "DFMM-LV 2023"]
[Site "Braunfels"]
[Date "2023.06.11"]
[Round "5.21"]
[White "Buchholz, Maja Patricia"]
[Black "Ankerst, Milka"]
[Result "0-1"]
[Annotator "TA"]
[ECO "D34"]
[WhiteElo "1899"]
[BlackElo "1923"]
[PlyCount "106"]
[EventDate "2023.06.09"]
[EventType "team-tourn"]
[EventCountry "GER"]
[SourceTitle "playchess.com"]
[Source "ChessBase"]
[SourceQuality "1"]
[TimeControl "40/5400+30:1800+30"]

1. c4 e6 2. g3 d5 3. Bg2 Nf6 4. Nf3 c5 5. O-O Nc6 6. cxd5 exd5 7. d4 Be6 8. Nc3 Be7 9. Be3 {[%emt 0:01:35] D34: Tarrasch Defence: 6 g3 Nf6 7 Bg2 Be7.} O-O (9... Ng4 $11 {is superior.}) 10. h3 (10. dxc5 $16 Rc8 11. Na4) 10... Qd7 11. Kh2 {[%emt 0:04:36] The position is equal.} Rfd8 12. Rc1 {[%emt 0:09:29] [#]} c4 $146 ({Predecessor:} 12... Rac8 13. Qa4 Nxd4 14. Nxd4 cxd4 15. Bxd4 Qxa4 16. Nxa4 Rc4 17. Bc5 Bxc5 18. Nxc5 b6 19. Nxe6 fxe6 20. Rxc4 dxc4 {0-1 Volpinari,D-Broome,T Olympiad-31 Moscow 1994 (14.3)}) 13. Bf4 (13. Ne5 $5 Nxe5 14. dxe5 $11) 13... b6 (13... Ne4 $15) 14. Rc2 (14. Ne5 $11 Qb7 15. Bg5) 14... a6 ({Better is} 14... Rac8 $15) 15. Ne5 $11 Qb7 16. Rd2 Rac8 (16... b5 $5 ) 17. e4 b5 (17... dxe4 $11 18. Re1 Nb4) 18. Nxc6 Qxc6 19. e5 ({White should try} 19. Bg5 $1 $11) 19... Ne8 20. Be3 b4 21. Nb1 {[%emt 0:01:15] [#]} (21. Ne2 $11) 21... f5 ({Black should play} 21... Bf5 $1 $17 {Hoping for ...c3.} 22. g4 Bg6) 22. h4 Nc7 23. Bh3 Rf8 24. Bg5 $2 (24. f4 $17) 24... Rf7 $2 (24... Bxg5 $19 {has better winning chances.} 25. hxg5 f4) 25. Bxe7 $17 Rxe7 26. f4 Rf7 (26... Qb6 $5 27. a3 a5 $15) 27. g4 $2 {[%emt 0:00:26][%mdl 8192] Black keeps a firm grip on the game.} (27. Qc2 $15) 27... a5 $2 (27... fxg4 $19 {and Black stays clearly on top.} 28. Bxg4 Rcf8) 28. Rg2 $2 (28. g5 $17 {was forced.}) 28... Rcf8 $2 (28... fxg4 $19 29. Bxg4 Rcf8) 29. Rfg1 $2 (29. g5 $17) 29... fxg4 $19 {[%emt 0:00:53][%mdl 64] [#] Discovered Attack} 30. Bxg4 Rxf4 31. Bh3 Rf2 {[%emt 0:00:33] White is weak on the light squares} (31... Rxh4 $142 32. Rxg7+ Kh8) 32. Qe1 Rxg2+ 33. Bxg2 Bf5 34. Nd2 Qh6 {[%emt 0:00:29] Inhibits Qe3.} 35. Nf3 (35. Rf1 {might work better.}) 35... Qf4+ 36. Kh1 $2 (36. Qg3 Ne6 37. Ng5) 36... Ne6 37. Rf1 Be4 {[%emt 0:01:06] Strongly threatening ...Qg4.} (37... Nxd4 38. Ng5 Qg4 39. Bxd5+ Kh8 40. e6 $11) 38. Kg1 Qg4 39. Qe3 Nf4 40. Qd2 Nxg2 41. Qxg2 Qxg2+ 42. Kxg2 Rxf3 43. Rxf3 Bxf3+ (43... c3 $142 44. Kg3 Bxf3 45. bxc3 bxc3 46. Kxf3 c2 47. h5 c1=Q 48. e6 Qc3+ 49. Ke2 Qc2+ 50. Kf3 Qxa2 51. Ke3 a4 52. e7 Qa3+ 53. Kd2 Qxe7 54. Kc3 Qe3+ 55. Kb4 a3 56. Kb5 a2 57. Kb6 a1=Q 58. Kc5 Qaxd4+ 59. Kc6 Qb6+ 60. Kxd5 Qee6#) 44. Kxf3 {[%emt 0:00:04][%mdl 4096] Endgame KP-KP} Kf7 {[%emt 0:00:08] ( -> ...Ke6)} 45. Ke3 Ke6 {[%emt 0:00:08] Black mates.} 46. Kf3 g6 47. Ke3 h6 ({Weaker is} 47... c3 48. bxc3 bxc3 49. Kd3 $11) 48. Kf4 a4 49. Ke3 g5 50. hxg5 hxg5 51. Kd2 g4 52. Ke3 g3 53. Kf3 c3 {[%emt 0:00:11] Weighted Error Value: White=1.01/Black=0.66} 0-1

[Event "DFMM-LV 2023"]
[Site "Braunfels"]
[Date "2023.06.11"]
[Round "5.22"]
[White "Spiel, Marianne"]
[Black "Froehlich-Dill, Astrid"]
[Result "0-1"]
[Annotator "NA RC COMBH"]
[ECO "A40"]
[WhiteElo "1840"]
[BlackElo "1762"]
[PlyCount "68"]
[EventDate "2023.06.09"]
[EventType "team-tourn"]
[EventCountry "GER"]
[SourceTitle "playchess.com"]
[Source "ChessBase"]
[SourceQuality "1"]
[TimeControl "40/5400+30:1800+30"]

1. e4 e6 2. d4 b6 3. c4 Bb7 4. Bd3 Nf6 5. Qe2 Nc6 6. Nf3 Nb4 7. Nc3 Nxd3+ 8. Qxd3 Bb4 9. e5 Ne4 10. O-O Nxc3 11. bxc3 Be7 12. a4 a5 13. Ba3 Ba6 14. Rfe1 O-O 15. Bxe7 Qxe7 16. Nd2 d5 17. exd6 Qxd6 18. Qe4 Rae8 19. Re3 f5 20. Qe5 Qxe5 21. Rxe5 Bc8 22. c5 Bd7 23. cxb6 cxb6 24. Nc4 Rb8 25. Nd6 Rfd8 26. Nb5 Rbc8 27. Kf1 Bxb5+ 28. Rxb5 Rxc3 29. Rxb6 Rxd4 30. Rxe6 Rc5 31. Ra2 Kf7 32. Rb6 Rc1+ 33. Ke2 Re4+ 34. Kf3 Rc3# 0-1

[Event "DFMM-LV 2023"]
[Site "Braunfels"]
[Date "2023.06.11"]
[Round "5.23"]
[White "von Beckh, Frieda"]
[Black "Braeuer, Vanessa"]
[Result "1/2-1/2"]
[Annotator "NA RC COMBH"]
[ECO "B23"]
[WhiteElo "1672"]
[BlackElo "1819"]
[PlyCount "140"]
[EventDate "2023.06.09"]
[EventType "team-tourn"]
[EventCountry "GER"]
[SourceTitle "playchess.com"]
[Source "ChessBase"]
[SourceQuality "1"]
[TimeControl "40/5400+30:1800+30"]

1. e4 c5 2. Nc3 Nc6 3. f4 e6 4. Nf3 d5 5. Bb5 d4 6. Bxc6+ bxc6 7. Ne2 Nf6 8. d3 Ba6 9. O-O Be7 10. Ne5 Qb6 11. Kh1 O-O 12. b3 Rad8 13. Qe1 Qc7 14. Bd2 Nd7 15. Ba5 Nb6 16. Rd1 f6 17. Nc4 Rd7 18. Qg3 f5 19. Ne5 Rdd8 20. Qf3 Qc8 21. exf5 Rd5 22. c4 Rxe5 23. fxe5 Rxf5 24. Qe4 Rh5 25. Ng3 Rh6 26. Qf3 Qe8 27. Ne4 Nd7 28. Bc7 Rh5 29. Nd6 Bxd6 30. Bxd6 h6 31. Qxc6 Kh7 32. Qe4+ Kh8 33. Rf3 Qc8 34. Qg6 Rg5 35. Qxe6 Bb7 36. Rf2 Qc6 37. Qe8+ Kh7 38. Rg1 Nxe5 39. Qxc6 Nxc6 40. Rf7 Na5 41. Bc7 Nc6 42. Bf4 Rg4 43. Bxh6 Bc8 44. Rc7 Ne5 45. Rxc8 Nxd3 46. Rf1 Kxh6 47. Rc6+ Kg5 48. Rf3 Re4 49. Kg1 Re1+ 50. Rf1 Re5 51. Rc7 g6 52. Rxa7 Nf4 53. a4 Re2 54. Ra5 Rxg2+ 55. Kh1 Re2 56. Rxc5+ Kg4 57. Rd1 d3 58. Kg1 Kh3 59. Rg5 d2 60. Rg3+ Kh4 61. Rf3 Nh3+ 62. Kf1 Rxh2 63. a5 Kg4 64. Rxh3 Kxh3 65. a6 Kg3 66. a7 Rf2+ 67. Kg1 Re2 68. Kf1 Rf2+ 69. Kg1 Re2 70. Kf1 Rf2+ 1/2-1/2